 Dungeon Crawl Stone Soup version 0.25.1-2-g60ff931df9 (webtiles) character file.

Game seed: 7504017142949131284

9200 DerDa the Tainter (level 11, 0/82 HPs)
             Began as a Formicid Venom Mage on Sept 26, 2020.
             Was a Priest of Sif Muna.
             Killed from afar by an efreet (37 damage)
             ... with a bolt of fire
             ... on level 11 of the Dungeon.
             The game lasted 00:51:17 (14299 turns).

DerDa the Tainter (Formicid Venom Mage)            Turns: 14299, Time: 00:51:18

Health: 0/82       AC: 10    Str: 11 (14) XL:     11   Next: 70%
Magic:  4/23       EV: 14    Int: 17      God:    Sif Muna [***...]
Gold:   115        SH:  0    Dex: 11      Spells: 13/26 levels left

rFire    . . .     SeeInvis +   V - +4 halberd (elec)
rCold    . . .     Gourm    .   (no shield)
rNeg     . . .     Faith    .   N - +2 robe {Archmagi}
rPois    .         Spirit   .   (helmet unavailable)
rElec    .         Reflect  .   D - scarf {harm}
rCorr    +         Harm     +   O - +1 pair of gloves
MR       +....                  b - +0 pair of boots
Stlth    ++........             (no amulet)
HPRegen  0.23/turn              F - ring of resist corrosion
MPRegen  0.18/turn              T - ring of wizardry

@: no status effects
A: permanent stasis, dig shafts and tunnels, four strong arms, antennae 3,
rugged brown scales 1, yellow scales 1
a: Dig, Shaft Self, Channel Magic, Forget Spell, Renounce Religion


You were on level 11 of the Dungeon.
You worshipped Sif Muna.
Sif Muna was most pleased with you.
You were not hungry.

You visited 2 branches of the dungeon, and saw 12 of its levels.
You also visited: Sewer and Bailey.

You collected 595 gold pieces.
You spent 480 gold pieces at shops.

Inventory:

Hand Weapons
 a - a cursed +3 great sword
 f - a +3 flail of venom
 y - a +2 rapier of draining
 B - a +4 short sword
 C - a cursed -2 hand crossbow
 P - a +0 shortbow
 V - a +4 halberd of electrocution (weapon)
Missiles
 n - 257 arrows
 v - 31 poisoned darts (quivered)
 M - 64 bolts
Armour
 b - a +0 pair of boots (worn)
 k - the +1 robe "Yfowk" {-Tele Int+6 Slay+3, unknown}
   (You found it on level 11 of the Dungeon)

   It affects your intelligence (+6).
   It affects your accuracy and damage with ranged weapons and melee attacks
   (+3).
   It prevents most forms of teleportation.
 u - the +0 plate armour of the End {Dex+5, unknown}
   (You found it on level 10 of the Dungeon)

   It affects your dexterity (+5).
 D - a scarf of harm (worn)
 N - a +2 robe of the Archmagi (worn)
 O - a +1 pair of gloves (worn)
Magical Staves
 t - an uncursed staff of air {unknown}
 R - an uncursed staff of wizardry
Jewellery
 l - an uncursed ring of protection from magic
 q - an uncursed ring of protection from fire
 F - a ring of resist corrosion (left hand)
 T - a ring of wizardry (right hand)
Wands
 s - a wand of acid (5)
 E - a wand of clouds (3)
 Q - a wand of enslavement (3)
 Y - a wand of paralysis (3)
Scrolls
 e - a scroll of enchant weapon
 g - 4 scrolls of fear
 h - 3 scrolls of remove curse
 m - 3 scrolls of fog
 o - 5 scrolls of immolation
 A - 2 scrolls of enchant armour
 G - 2 scrolls of amnesia
 W - a scroll of holy word {unknown}
 X - a scroll of vulnerability {unknown}
Potions
 d - a potion of experience {unknown}
 i - a potion of invisibility {unknown}
 j - 2 potions of ambrosia
 p - a potion of brilliance
 r - 3 potions of might
 w - 3 potions of mutation
 x - 4 potions of heal wounds
 H - 2 potions of flight {unknown}
 I - 6 potions of curing
 J - 2 potions of resistance {unknown}
 K - 3 potions of magic {unknown}
 S - a potion of stabbing {unknown}
Comestibles
 c - 17 rations


   Skills:
 + Level 5.3 Fighting
 + Level 5.0 Dodging
 - Level 2.4 Stealth
 * Level 8.2 Spellcasting
 * Level 8.7 Transmutations
 + Level 4.3 Air Magic
 * Level 11.0 Poison Magic
 + Level 4.6 Invocations
 + Level 5.2 Evocations


You had 13 spell levels left.
You knew the following spells:

 Your Spells              Type           Power        Failure   Level  Hunger
a - Sting                 Tmut/Pois      ####         1%          1    None
b - Poisonous Vapours     Pois/Air       #####.       1%          2    None
c - Mephitic Cloud        Conj/Pois/Air  #####...     1%          3    #......
d - Olgreb's Toxic Radia  Pois           ######..     1%          4    ###....
e - Ignite Poison         Fire/Tmut/Pois #####...     1%          3    #......

Your spell library contained the following spells:

 Spells                   Type           Power        Failure   Level  Hunger
 Petrify                  Tmut/Erth      ####....     7%          4    ###....
 Confusing Touch          Hex            ##......     12%         3    #......
 Gell's Gravitas          Tloc           ##........   12%         3    #......
 Yara's Violent Unravell  Hex/Tmut       ####......   19%         5    #####..
 Metabolic Englaciation   Hex/Ice        ##........   71%         5    #####..
 Malign Gateway           Summ/Tloc      ##........   100%        7    #######
 Monstrous Menagerie      Summ           ##........   100%        7    #######
 Summon Greater Demon     Summ           ##........   100%        7    #######
 Summon Horrible Things   Summ           ##........   100%        8    #######


Dungeon Overview and Level Annotations

Branches:
Dungeon (11/15)            Temple (1/1) D:7             Orc (0/2) D:9
  Sewer (visited)          Bailey (visited)
   Lair: D:8-11

Altars:
Ashenzari
Cheibriados
Dithmenos
Elyvilon
Fedhas
Gozag
Hepliaklqana
Kikubaaqudgha
Makhleb
Nemelex Xobeh
Okawaru
Qazlal
Ru
Sif Muna
Trog
Uskayaw
Vehumet
Wu Jian
Xom
Yredelemnul
Zin
The Shining One
Beogh

Shops:
D:4 (   D:6 =   D:8 *


Innate Abilities, Weirdness & Mutations

You cannot be hasted, slowed, berserked, paralysed or teleported.
You can dig through walls and to a lower floor.
Your four strong arms can wield two-handed weapons with a shield.
You have a pair of large antennae on your head. (SInv)
You are partially covered in rugged brown scales. (AC +1, +3% HP)
You are partially covered in yellow scales. (AC +2)


Message History

Aim: an efreet, wielding a +2 scimitar of flaming (flame)
The bolt of acid hits the efreet!
The efreet is splashed with acid.
The efreet is heavily wounded.
A bullfrog skeleton comes into view.
Evoke which item? (* to show all) (? for menu, Esc to quit)
Aiming: Corrosive Bolt
Press: ? - help, Shift-Dir - straight line, f/p - efreet
Aim: an efreet, wielding a +2 scimitar of flaming (heavily wounded)
The bolt of acid hits the efreet.
The efreet is splashed with acid.
The efreet is almost dead.
The efreet barely misses you.
Evoke which item? (* to show all) (? for menu, Esc to quit)
Aiming: Corrosive Bolt
Press: ? - help, Shift-Dir - straight line, f/p - efreet
Aim: an efreet, wielding a +2 scimitar of flaming (almost dead)
The bolt of acid hits the efreet but does no damage.
The efreet is almost dead.
The efreet gestures at you. The bolt of fire hits you!!
You die...

........ #......####+#########
#......#..........#..
#......#..........#..
#......#..........8..
##+######+##..†...#.............
...........○......#.......8.....
...........°.)Z@..#...###.......
............###R###...###.......
............#.○.#......#.8...∩..
>........Y..#...#......#........
............#...#......+........
?......######...#......#..8.....
....... +...'......#........
....... { #...##..#..#.....8..
......Y #..°#############...


You could see an efreet and a bullfrog skeleton.

Vanquished Creatures
  Erolcha (D:11)
  A two-headed ogre (D:10)
  The ghost of diiiiiane the Thaumaturge, a journeyman DEFE of Sif Muna (D:10)
  An orc knight (Bailey)
  Psyche (D:8)
  A komodo dragon (D:10)
  A troll (D:10)
  A hornet (D:8)
  3 slime creatures (D:10)
  A hippogriff (D:8)
  A wyvern (D:11)
  A spriggan (D:7)
  Eustachio (D:5)
  3 sky beasts
  4 orc warriors
  5 ice beasts
  A black bear (D:6)
  2 phantoms
  6 centaurs
  4 ogres
  A big kobold (Sewer)
  2 bullfrogs
  A wyvern skeleton (D:7)
  5 scorpions
  4 wights (D:10)
  A howler monkey (D:4)
  5 crimson imps
  A centaur zombie (D:6)
  4 hounds
  A bullfrog zombie (D:11)
  A centaur skeleton (D:5)
  6 orc priests
  2 jellies
  10 orc wizards
  An iguana (D:7)
  3 bullfrog skeletons
  6 worker ants
  A killer bee zombie (D:6)
  A hound zombie (D:7)
  A howler monkey zombie (D:8)
  3 worker ant zombies
  15 adders
  21 gnolls
  A howler monkey skeleton (D:8)
  A river rat (Sewer)
  3 shadow imps
  3 adder skeletons
  2 adder zombies
  5 worms
  6 leopard geckos
  32 orcs
  10 bats
  14 giant cockroaches
  7 goblins
  21 hobgoblins
  4 jackals
  4 quokkas
  2 ball pythons
  7 frilled lizards
  25 kobolds
  2 leopard gecko zombies
  A quokka zombie (D:5)
  15 rats
301 creatures vanquished.

Notes
Turn   | Place    | Note
-------+----------+-------------------------------------------
     0 | D:1      | DerDa the Formicid Venom Mage began the quest for the Orb.
     0 | D:1      | Reached XP level 1. HP: 13/13 MP: 3/3
   130 | D:1      | Reached XP level 2. HP: 19/19 MP: 1/5
   389 | D:1      | Reached XP level 3. HP: 24/24 MP: 3/6
   475 | D:1      | Learned a level 2 spell: Poisonous Vapours
   479 | D:1      | Learned a level 3 spell: Mephitic Cloud
  1346 | D:2      | Reached XP level 4. HP: 30/30 MP: 3/8
  1354 | D:2      | Reached skill level 5 in Poison Magic
  1570 | D:2      | Reached XP level 5. HP: 23/35 MP: 1/9
  2220 | D:2      | Reached skill level 1 in Air Magic
  2552 | D:2      | Learned a level 4 spell: Olgreb's Toxic Radiance
  2601 | D:3      | Found a bloodstained altar of Trog.
  3042 | D:3      | Reached XP level 6. HP: 35/42 MP: 3/11
  4276 | D:4      | Reached skill level 1 in Fighting
  4374 | D:4      | Found an ornate altar of the Wu Jian Council.
  4537 | D:4      | Reached skill level 6 in Poison Magic
  4956 | D:4      | Found Uqyagg's Weapon Emporium.
  5120 | D:5      | Entered Level 5 of the Dungeon
  5179 | D:5      | Got a smoking dagger
  5199 | D:5      | Found a glowing drain.
  5200 | D:5      | Noticed Eustachio
  5202 | D:5      | Reached XP level 7. HP: 43/48 MP: 8/13
  5212 | D:5      | Killed Eustachio
  5237 | Sewer    | Entered a sewer
  5406 | Sewer    | Found a glowing silver altar of Zin.
  5701 | D:5      | Reached XP level 8. HP: 47/56 MP: 3/15
  5853 | D:5      | Reached skill level 1 in Evocations
  5929 | D:5      | Reached skill level 7 in Poison Magic
  6313 | D:5      | Reached skill level 5 in Spellcasting
  6586 | D:6      | Reached skill level 5 in Transmutations
  6788 | D:6      | Reached XP level 9. HP: 15/62 MP: 3/17
  7081 | D:6      | Found Paush's Jewellery Shoppe.
  7147 | D:6      | Found a sparkling altar of Nemelex Xobeh.
  7147 | D:6      | Found a radiant altar of Vehumet.
  7317 | D:6      | Identified the cursed +0 dagger of Jiss {drain, *Slow rElec
                  | rC+} (You found it on level 5 of the Dungeon)
  7569 | D:6      | Found a hide-covered altar of Uskayaw.
  7738 | D:6      | Reached skill level 8 in Poison Magic
  7864 | D:6      | Found a shimmering blue altar of Sif Muna.
  7867 | D:6      | Became a worshipper of Sif Muna the Loreminder
  8481 | D:7      | Reached skill level 1 in Invocations
  8563 | D:7      | Found a glowing silver altar of Zin.
  8565 | D:7      | Found a basalt altar of Yredelemnul.
  8569 | D:7      | Found a burning altar of Makhleb.
  8869 | D:7      | Found a staircase to the Ecumenical Temple.
  8889 | Temple   | Entered the Ecumenical Temple
  9618 | D:8      | Reached XP level 10. HP: 49/71 MP: 8/19
  9877 | D:8      | Reached * piety under Sif Muna
  9888 | D:8      | Reached skill level 9 in Poison Magic
 10269 | D:8      | Found a sacrificial altar of Ru.
 10458 | D:8      | Noticed Psyche
 10470 | D:8      | Killed Psyche
 10723 | D:8      | Found Sitij's General Store.
 10731 | D:8      | Bought a potion of heal wounds for 60 gold pieces
 10961 | D:6      | Bought an uncursed ring of wizardry for 420 gold pieces
 11018 | D:9      | Found a staircase to the Orcish Mines.
 11502 | D:9      | Learned a level 3 spell: Ignite Poison
 11799 | D:10     | Entered Level 10 of the Dungeon
 11802 | D:10     | Noticed a two-headed ogre
 11810 | D:10     | Killed a two-headed ogre
 11998 | D:10     | Reached skill level 10 in Poison Magic
 12268 | D:10     | Reached XP level 11. HP: 63/78 MP: 4/22
 12687 | D:10     | Reached ** piety under Sif Muna
 13067 | D:10     | Found a runed translucent gate.
 13068 | D:10     | Found a runed translucent gate.
 13069 | D:10     | Found a runed translucent gate.
 13070 | D:10     | Noticed diiiiiane's ghost (journeyman DEFE)
 13073 | D:10     | Identified the +5 halberd of Dissolution {vamp, +Inv
                  | Stlth+}
 13075 | D:10     | Found a roughly hewn altar of Beogh.
 13191 | D:10     | Got a distressingly furry plate armour
 13290 | D:10     | Reached skill level 5 in Fighting
 13315 | D:10     | Killed diiiiiane's ghost
 13318 | D:10     | Gained mutation: You are partially covered in rugged brown
                  | scales. (AC +1, +3% HP) [potion of mutation]
 13318 | D:10     | Gained mutation: You are partially covered in yellow
                  | scales. (AC +2) [potion of mutation]
 13699 | D:11     | Found a flagged portal.
 13708 | Bailey   | Entered a bailey
 13872 | Bailey   | Noticed an orc knight
 13947 | Bailey   | Reached *** piety under Sif Muna
 13953 | Bailey   | Killed an orc knight
 13953 | Bailey   | Reached skill level 5 in Evocations
 14265 | D:11     | Got an opalescent robe
 14289 | D:11     | Noticed Erolcha
 14296 | D:11     | Killed Erolcha
 14296 | D:11     | Reached skill level 5 in Dodging
 14296 | D:11     | Reached skill level 11 in Poison Magic
 14299 | D:11     | Killed from afar by an efreet

Illustrated notes

Levels and vault maps discovered:
D:1:      scummos_arrival_checkerplants, layout_loops_cross
D:2:      minmay_general_purpose_star, layout_basic, minmay_vboxes
D:3:      wad_river_or_something, layout_loops_corners, trog_hazing_becter
D:4:      minmay_inner_zag, layout_loops_corners,
          nicolae_overflow_crystal_walls, serial_shops, shop,
          hangedman_decor_clover_reticule
D:5:      minmay_chambers_of_threes, layout_rooms, portal_sewer_entry_a,
          first_ration, uniq_eustachio
D:6:      layout_gridville, lemuel_blue_sif_altar, kennysheep_mini_moat,
          gammafunk_temple_overflow_elements, serial_shops, shop_fountains
D:7:      layout_basic, grunt_temple_overflow_open,
          minmay_temple_entry_offerings, the_bakery
D:8:      layout_loops_ring, serial_shops, nicolae_shop_behind_doors,
          nicolae_ru_awakened_eye, uniq_psyche
D:9:      layout_irregular_city, orc_0_dummy
D:10:     layout_roguey, biasface_ghost_orc_armoury
D:11:     layout_gridville, erik_lair_orcish_takeover,
          portal_ice_cave_entry_ice_beasts, enter_bailey_6, uniq_erolcha
Temple:   nicolae_temple_great_sept

Skill      XL: |  1  2  3  4  5  6  7  8  9 10 11 |
---------------+----------------------------------+-----
Transmutations | 2 3 4 5 6 7 8 |  8.7
Spellcasting   | 3 4 5 6 7 8 |  8.2
Poison Magic   | 5 6 7 8 10 11 | 11.0
Air Magic      | 1 2 3 4 |  4.3
Dodging        | 2 3 4 5 |  5.0
Fighting       | 1 2 3 4 5 |  5.3
Evocations     | 2 3 4 5 |  5.2
Invocations    | 2 3 4 |  4.6
Stealth        | |  2.4

Action                   |  1- 3 |  4- 6 |  7- 9 | 10-12 || total
-------------------------+-------+-------+-------+-------++-------
Melee: Unarmed           |     1 |       |       |       ||     1
       Club              |    24 |       |       |       ||    24
       Dagger            |     1 |    18 |       |       ||    19
       Morningstar       |       |    34 |   192 |       ||   226
       Short sword       |       |       |     2 |   120 ||   122
       Halberd           |       |       |       |    18 ||    18
 Cast: Sting             |    35 |    70 |   158 |    70 ||   333
       Poisonous Vapours |    13 |    24 |    18 |     9 ||    64
       Olgreb's Toxic Ra |       |     3 |     9 |    14 ||    26
       Mephitic Cloud    |       |       |     3 |    30 ||    33
       Ignite Poison     |       |       |       |    14 ||    14
Evoke: Wand              |       |       |       |     6 ||     6
  Use: Scroll            |       |     6 |     5 |     6 ||    17
       Potion            |       |       |       |    15 ||    15
 Stab: Confused          |       |       |       |     2 ||     2
       Sleeping          |       |       |       |     4 ||     4
  Eat: Chunk             |     2 |    13 |    17 |    14 ||    46
       Ration            |       |       |       |     1 ||     1
Armor: Robe              |     8 |    23 |    67 |    48 ||   146
       Skin              |       |       |       |     5 ||     5
Dodge: Dodged            |    36 |    57 |   173 |   110 ||   376
